 Dungeon Crawl Stone Soup version 0.27-a0-909-g0721f309d1 (webtiles) character file.

Game seed: 7704877616872603311

82 jestyr24 the Skirmisher (level 4, -10/42 HPs)
             Began as a Minotaur Berserker on Apr 8, 2021.
             Was a Believer of Trog.
             Mangled by Menkaure (21 damage)
             ... on level 4 of the Dungeon.
             The game lasted 00:04:03 (2505 turns).

jestyr24 the Skirmisher (Minotaur Berserker)        Turns: 2505, Time: 00:04:05

Health: -10/42     AC:  3    Str: 22    XL:     4   Next: 21%
Magic:  3/3        EV: 12    Int:  4    God:    Trog [**....]
Gold:   115        SH:  0    Dex: 10    Spells: 3/3 levels left

rFire    . . .     SeeInvis .   a - +0 hand axe
rCold    . . .     Faith    .   (no shield)
rNeg     . . .     Spirit   .   i - +0 leather armour
rPois    .         Reflect  .   (helmet restricted)
rElec    .         Harm     .   (no cloak)
rCorr    .         Rampage  .   (no gloves)
Will     .....                  (no boots)
Stlth    +.........             (no amulet)
HPRegen  0.14/turn              (no ring)
MPRegen  0.08/turn              (no ring)

@: no status effects
A: horns 2, retaliatory headbutt
a: Renounce Religion, Berserk, Trog's Hand


You were on level 4 of the Dungeon.
You worshipped Trog.
Trog was pleased with you.
You visited 1 branch of the dungeon, and saw 4 of its levels.

You collected 115 gold pieces.

Inventory:

Hand Weapons
 a - a +0 hand axe (weapon)
Missiles
 k - 35 poisoned darts
Armour
 i - a +0 leather armour (worn)
Jewellery
 d - a +6 ring of intelligence
Scrolls
 h - a scroll of fog
 l - 3 scrolls of identify
 o - a scroll of teleportation {unknown}
 p - a scroll of blinking {unknown}
Potions
 b - a potion of mutation {unknown}
 c - a potion of magic
 e - a potion of curing {unknown}
 f - a potion of lignification
 g - a potion of heal wounds {unknown}
 j - a potion of resistance {unknown}
 m - a potion of degeneration {unknown}
 n - a potion of invisibility {unknown}


   Skills:
 + Level 5.6 Fighting
 - Level 4.1 Axes
 - Level 2.6 Armour
 - Level 2.4 Dodging


You had 3 spell levels left.
You didn't know any spells.
Your spell library was empty.

Dungeon Overview and Level Annotations

Branches:
Dungeon (4/15)
 Temple: D:4-7

Altars:
Xom
Zin

Annotations:
D:4 Menkaure


Innate Abilities, Weirdness & Mutations

You have a pair of horns on your head.
You reflexively headbutt those who attack you in melee.


Message History

An endoplasm comes into view.
There is a stone staircase leading up here.
The helpless endoplasm fails to defend itself.
You hit the endoplasm but do no damage. You headbutt the endoplasm.
You kill the endoplasm!
Trog accepts your kill.
Found an escape hatch in the ceiling.
A kobold comes into view. It is wielding a +0 whip.
The kobold shouts!
You hear an angry hiss.
The kobold throws a stone.
The stone barely misses you.
Found a ring mail.
Menkaure, Prince of Dust comes into view.
Found a hat.
An iguana comes into view.
Menkaure casts a spell at you.
You barely resist.
Menkaure mumbles some strange words.
Menkaure seems to speed up.
The kobold throws a stone.
The stone hits you.
You start resting.
Menkaure is nearby!
Menkaure points at you and mumbles some strange words.
You barely resist. The kobold hits you with a +0 whip.
You barely miss Menkaure. You headbutt Menkaure.
Menkaure is lightly damaged.
You closely miss the kobold. The kobold closely misses you.
Menkaure gestures at you while chanting.
Pain shoots through your body! The kobold hits you with a +0 whip.
You hit Menkaure.
Menkaure is lightly damaged.
You hit the kobold but do no damage. Menkaure hits you!
The kobold hits you with a +0 whip.
* * * LOW HITPOINT WARNING * * *
You hit Menkaure.
Menkaure is moderately damaged.
You hit the kobold but do no damage. Menkaure closely misses you.
You furiously retaliate!
You headbutt Menkaure. The kobold barely misses you. Menkaure hits you!!
Ouch! That really hurt!
You die...

........<.......
................ ..
[........$.....# #.
#............# #..
#..........# .#...
##..........#
#....#####............
#........#K...........
.........@Ml..........
#.....<...#........#.
###....#..#.....####
##......#....##
##........###
##....##.# ##.... .#
##.... ###...


You could see Menkaure (fast), an iguana and a kobold.

Vanquished Creatures
  2 adders
  2 worms
  A dart slug (D:2)
  5 orcs (D:3)
  6 ball pythons
  7 bats
  4 endoplasms
  2 giant cockroaches
  4 goblins
  6 hobgoblins
  A quokka (D:2)
  4 frilled lizards
  A kobold (D:3)
  4 rats
49 creatures vanquished.

Notes
Turn   | Place    | Note
-------+----------+-------------------------------------------
     0 | D:1      | jestyr24 the Minotaur Berserker began the quest for the
                  | Orb.
     0 | D:1      | Reached XP level 1. HP: 19/19 MP: 0/0
   299 | D:1      | Reached XP level 2. HP: 27/27 MP: 1/1
   457 | D:1      | Reached skill level 4 in Fighting
  1035 | D:2      | Reached XP level 3. HP: 33/34 MP: 2/2
  1120 | D:2      | Found a faded altar of an unknown god.
  1276 | D:2      | Reached ** piety under Trog
  1669 | D:2      | Reached skill level 5 in Fighting
  2095 | D:3      | Noticed an angel
  2096 | D:3      | Found a glowing silver altar of Zin.
  2101 | D:3      | Found a shimmering altar of Xom.
  2114 | D:3      | Reached XP level 4. HP: 39/42 MP: 3/3
  2491 | D:4      | Noticed Menkaure
  2505 | D:4      | Mangled by Menkaure

Illustrated notes

Levels and vault maps discovered:
D:1:      wander_arrival_estate, layout_basic
D:2:      layout_basic, basic_ecumenical_altar, roderic_lattice_a
D:3:      layout_rooms, grunt_temple_overflow_order_and_chaos_1
D:4:      layout_cave_pools, nrook_mini_backslash, uniq_duvessa, uniq_menkaure,
          uniq_ijyb

Skill      XL: |  1  2  3 |
---------------+----------+-----
Axes           | 4 |  4.1
Fighting       | 4 5 |  5.6
Armour         | |  2.6
Dodging        | |  2.4

Action                   |  1- 3 |  4- 6 || total
-------------------------+-------+-------++-------
Melee: Hand axe          |    74 |    15 ||    89
       Headbutt          |     8 |     3 ||    11
  Use: Scroll            |     3 |       ||     3
 Stab: Sleeping          |       |     1 ||     1
Armor: Animal skin       |     5 |       ||     5
       Leather armour    |     8 |     3 ||    11
Dodge: Dodged            |    44 |    19 ||    63

Table legend: (Time is in decaauts)
 A = Elapsed time spent in this place.
 B = Non-inter-level travel time spent in this place.
 C = Inter-level travel time spent in this place.
 D = Time resting spent in this place.
 E = Time spent auto-exploring this place.
 F = Levels seen in this place.
 G = Mean time per level.
                   A        B        C        D        E       F      G
               +--------+--------+--------+--------+--------+-----+--------+
         Total |   2512 |   2448 |     64 |    199 |   1849 |   4 |  628.0 |
       Dungeon |   2512 |   2448 |     64 |    199 |   1849 |   4 |  628.0 |
               +--------+--------+--------+--------+--------+-----+--------+

Top non-repeatable levels by time:
     D:1: 956 daAuts
     D:2: 937 daAuts
     D:3: 596 daAuts
     D:4: 23 daAuts
